General information
- name: BNet
- type: Ladder team game (AT/RT)
- host: Battle.net
- saver: teamcancer
map: Deadlands
- players: 8
- length: 39:46
- speed: Fast
- version: 1.27 W3XP
- replay type: Public
» download(303 KB)
Players
team 1 (loser)
3edc4rfv (
red | 117 APM | 4626 actions | 39:40)
8 Death Knight
3 Death Coil
3 Unholy Aura
1 Animate Dead
1 Death Pact
1 Dark Ranger
1 Silence
» actions
| Assign group hotkey | 155 | |
| Basic commands | 234 | |
| Build / train | 178 | |
| ESC pressed | 6 | |
| Enter build submenu | 40 | |
| Enter hero's abilities submenu | 11 | |
| Right click | 2036 | |
| Select / deselect | 841 | |
| Select group hotkey | 957 | |
| Use ability | 168 | |
4626 total
» units
| Acolyte | 21 | |
| Ghoul | 33 | |
| Necromancer | 10 | |
| Banshee | 1 | |
| Crypt Fiend | 7 | |
| Obsidian Statue | 5 | |
| Meatwagon | 2 | |
79 total
» upgrades
| Unholy Strength | 5 | |
| Unholy Armor | 3 | |
| Necromancer Training | 2 | |
| Skeletal Longevity | 1 | |
| Skeletal Mastery | 1 | |
| Banshee Training | 1 | |
| Creature Carapace | 1 | |
| Creature Attack | 2 | |
| Destroyer Form | 1 | |
17 total
» buildings
| Graveyard | 2 | |
| Crypt | 2 | |
| Altar of Darkness | 2 | |
| Ziggurat | 7 | |
| Tomb of Relics | 1 | |
| Halls of the Dead | 14 | |
| Temple of the Damned | 2 | |
| Black Citadel | 10 | |
| Sacrificial Pit | 1 | |
| Spirit Tower | 6 | |
| Boneyard | 2 | |
| Necropolis | 7 | |
| Slaughterhouse | 4 | |
60 total
» build order
00:13 Graveyard
00:15 Crypt
00:50 Altar of Darkness
01:04 Ziggurat
01:31 Tomb of Relics
01:59 Ziggurat
03:10 Halls of the Dead
03:10 Halls of the Dead
03:10 Halls of the Dead
03:50 Ziggurat
05:32 Temple of the Damned
05:33 Temple of the Damned
05:44 Black Citadel
05:44 Black Citadel
09:42 Ziggurat
10:25 Sacrificial Pit
12:52 Spirit Tower
12:52 Spirit Tower
12:53 Spirit Tower
12:55 Boneyard
12:57 Boneyard
16:30 Necropolis
17:39 Necropolis
17:41 Necropolis
20:02 Crypt
20:34 Necropolis
21:02 Graveyard
23:16 Halls of the Dead
23:16 Halls of the Dead
23:17 Halls of the Dead
23:24 Halls of the Dead
23:24 Halls of the Dead
24:55 Altar of Darkness
25:42 Slaughterhouse
25:43 Slaughterhouse
26:36 Slaughterhouse
26:40 Slaughterhouse
27:08 Black Citadel
27:09 Black Citadel
27:39 Black Citadel
27:39 Black Citadel
27:39 Black Citadel
28:16 Ziggurat
28:16 Ziggurat
29:07 Ziggurat
33:40 Necropolis
33:56 Necropolis
36:16 Necropolis
36:21 Halls of the Dead
36:21 Halls of the Dead
36:22 Halls of the Dead
» items

»
muffelmuff (
green | 79 APM | 2939 actions | 37:24)
8 Crypt Lord
3 Carrion Beetles
3 Impale
1 Locust Swarm
1 Spiked Carapace
7 Death Knight
3 Death Coil
2 Unholy Aura
2 Animate Dead
2 Dark Ranger
1 Black Arrow
1 Life Drain
» actions
| Assign group hotkey | 48 | |
| Basic commands | 8 | |
| Build / train | 71 | |
| Enter build submenu | 24 | |
| Enter hero's abilities submenu | 18 | |
| Give item / drop item | 2 | |
| Remove unit from queue | 1 | |
| Right click | 1395 | |
| Select / deselect | 563 | |
| Select group hotkey | 699 | |
| Use ability | 110 | |
2939 total
» units
| Acolyte | 5 | |
| Ghoul | 1 | |
| Crypt Fiend | 5 | |
| Goblin Shredder | 1 | |
| Frost Wyrm | 12 | |
24 total
» upgrades
| Creature Attack | 5 | |
| Web | 1 | |
| Freezing Breath | 1 | |
| Creature Carapace | 3 | |
10 total
» buildings
| Crypt | 1 | |
| Graveyard | 2 | |
| Ziggurat | 15 | |
| Altar of Darkness | 1 | |
| Tomb of Relics | 1 | |
| Halls of the Dead | 1 | |
| Black Citadel | 1 | |
| Sacrificial Pit | 1 | |
| Boneyard | 3 | |
| Spirit Tower | 2 | |
28 total
» build order
00:16 Crypt
00:21 Graveyard
00:45 Ziggurat
01:05 Altar of Darkness
01:33 Tomb of Relics
02:06 Ziggurat
03:40 Halls of the Dead
05:14 Ziggurat
06:14 Black Citadel
08:13 Sacrificial Pit
08:34 Ziggurat
09:05 Boneyard
09:08 Boneyard
12:18 Ziggurat
12:19 Ziggurat
12:19 Ziggurat
12:44 Ziggurat
15:09 Ziggurat
15:10 Ziggurat
15:11 Ziggurat
16:36 Boneyard
17:33 Graveyard
21:05 Spirit Tower
21:05 Spirit Tower
23:15 Ziggurat
23:15 Ziggurat
23:16 Ziggurat
23:17 Ziggurat
» items
| Rod of Necromancy | 1 | |
| Healing Salve | 1 | |
| Scroll of Town Portal | 2 | |
| Orb of Corruption | 1 | |
5 total

»
krunked (
teal | 47 APM | 1871 actions | 39:45)
6 Blademaster
2 Wind Walk
3 Critical Strike
1 Bladestorm
» actions
| Assign group hotkey | 12 | |
| Basic commands | 5 | |
| Build / train | 57 | |
| ESC pressed | 4 | |
| Enter build submenu | 50 | |
| Enter hero's abilities submenu | 6 | |
| Give item / drop item | 2 | |
| Right click | 726 | |
| Select / deselect | 339 | |
| Select group hotkey | 585 | |
| Use ability | 85 | |
1871 total
» units
| Peon | 10 | |
| Grunt | 3 | |
| Goblin Shredder | 1 | |
| Tauren | 7 | |
| Shaman | 5 | |
| Demolisher | 2 | |
28 total
» upgrades
| Melee Weapons | 2 | |
| Armor | 2 | |
| Shaman Training | 2 | |
| Spiked Barricades | 1 | |
| Reinforced Defenses | 1 | |
| Burning Oil | 1 | |
| Pulverize | 1 | |
| Witch Doctor Training | 1 | |
| Spirit Walker Training | 1 | |
12 total
» buildings
| Orc Burrow | 10 | |
| Altar of Storms | 3 | |
| Voodoo Lounge | 1 | |
| Barracks | 1 | |
| War Mill | 2 | |
| Stronghold | 1 | |
| Great Hall | 3 | |
| Watch Tower | 16 | |
| Fortress | 1 | |
| Spirit Lodge | 1 | |
| Beastiary | 1 | |
| Tauren Totem | 5 | |
45 total
» build order
00:17 Orc Burrow
00:39 Altar of Storms
00:56 Orc Burrow
01:31 Voodoo Lounge
01:56 Barracks
02:19 War Mill
02:36 Orc Burrow
04:07 Stronghold
07:23 Great Hall
07:30 Watch Tower
07:36 Watch Tower
07:41 Watch Tower
07:49 Fortress
07:55 Spirit Lodge
08:52 Beastiary
09:07 Orc Burrow
09:20 Orc Burrow
09:29 Watch Tower
09:33 Watch Tower
10:23 Tauren Totem
10:31 Tauren Totem
10:38 Tauren Totem
12:27 Orc Burrow
12:42 Watch Tower
13:06 Watch Tower
14:38 Watch Tower
14:49 Watch Tower
15:26 Watch Tower
16:18 Watch Tower
16:48 Orc Burrow
17:00 Tauren Totem
17:24 Orc Burrow
17:32 Watch Tower
18:21 Tauren Totem
19:21 Watch Tower
19:41 Watch Tower
21:27 Watch Tower
22:42 Watch Tower
25:06 Great Hall
29:17 Great Hall
29:27 Orc Burrow
29:48 Altar of Storms
32:15 Orc Burrow
34:55 Altar of Storms
36:10 War Mill
» items
| Healing Salve | 4 | |
| Boots of Speed | 1 | |
| Orb of Lightning | 1 | |
| Scroll of Healing | 1 | |
| Scroll of Protection | 1 | |
8 total

»
gucci_coochy (
blue | 28 APM | 288 actions | 10:13)
2 Death Knight
1 Death Coil
1 Unholy Aura
1 Dark Ranger
1 Black Arrow
» actions
| Assign group hotkey | 3 | |
| Build / train | 34 | |
| Enter build submenu | 13 | |
| Enter hero's abilities submenu | 3 | |
| Right click | 140 | |
| Select / deselect | 69 | |
| Select group hotkey | 3 | |
| Use ability | 23 | |
288 total
» units
| Acolyte | 7 | |
| Ghoul | 3 | |
| Crypt Fiend | 7 | |
17 total
» upgrades
| Creature Attack | 2 | |
| Creature Carapace | 1 | |
| Web | 1 | |
4 total
» buildings
| Altar of Darkness | 1 | |
| Ziggurat | 9 | |
| Graveyard | 1 | |
| Crypt | 1 | |
| Tomb of Relics | 1 | |
| Halls of the Dead | 1 | |
| Black Citadel | 1 | |
15 total
» build order
00:11 Altar of Darkness
00:32 Ziggurat
01:02 Graveyard
01:09 Crypt
01:39 Ziggurat
01:49 Tomb of Relics
02:04 Ziggurat
03:24 Ziggurat
04:16 Halls of the Dead
07:50 Ziggurat
08:59 Black Citadel
09:03 Ziggurat
09:04 Ziggurat
09:09 Ziggurat
09:10 Ziggurat
team 2 (winner)
Nathan (
orange | 40 APM | 1600 actions | 39:45)
8 Priestess of the Moon
3 Trueshot Aura
3 Searing Arrows
1 Starfall
1 Scout
» actions
| Assign group hotkey | 13 | |
| Basic commands | 13 | |
| Build / train | 98 | |
| ESC pressed | 1 | |
| Enter build submenu | 29 | |
| Enter hero's abilities submenu | 8 | |
| Right click | 860 | |
| Select / deselect | 281 | |
| Select group hotkey | 243 | |
| Use ability | 54 | |
1600 total
» units
| Wisp | 16 | |
| Archer | 33 | |
| Hippogryph | 24 | |
| Faerie Dragon | 2 | |
75 total
» upgrades
| Strength of the Moon | 2 | |
| Moon Armor | 2 | |
| Improved Bows | 1 | |
| Hippogryph Taming | 1 | |
| Ultravision | 1 | |
7 total
» buildings
| Altar of Elders | 2 | |
| Moon Well | 10 | |
| Ancient of War | 2 | |
| Hunter's Hall | 1 | |
| Tree of Ages | 2 | |
| Ancient of Wonders | 1 | |
| Ancient of Wind | 5 | |
| Ancient Protector | 2 | |
| Tree of Life | 2 | |
27 total
» build order
00:09 Altar of Elders
00:10 Moon Well
01:04 Ancient of War
01:28 Moon Well
02:13 Hunter's Hall
02:32 Moon Well
03:21 Tree of Ages
03:29 Ancient of Wonders
05:51 Moon Well
05:54 Ancient of Wind
06:29 Ancient of Wind
06:51 Ancient of Wind
07:17 Moon Well
07:18 Moon Well
08:28 Moon Well
10:10 Moon Well
11:36 Moon Well
14:01 Ancient Protector
14:05 Ancient Protector
15:49 Tree of Life
20:08 Altar of Elders
20:34 Ancient of War
20:35 Tree of Ages
22:59 Ancient of Wind
23:04 Ancient of Wind
25:32 Moon Well
29:46 Tree of Life
» items
| Scroll of Regeneration | 3 | |
| Lesser Clarity Potion | 1 | |
| Scroll of Town Portal | 1 | |
5 total

»
Bobettes_Sales (
yellow | 49 APM | 1950 actions | 39:45)
8 Far Seer
3 Feral Spirit
3 Chain Lighting
1 Earth Quake
1 Far Sight
» actions
| Build / train | 90 | |
| Enter build submenu | 33 | |
| Enter hero's abilities submenu | 8 | |
| Right click | 931 | |
| Select / deselect | 731 | |
| Use ability | 156 | |
1950 total
» units
| Peon | 14 | |
| Grunt | 6 | |
| Spirit Walker | 12 | |
| Tauren | 13 | |
45 total
» upgrades
| Armor | 2 | |
| Spirit Walker Training | 2 | |
| Spiked Barricades | 1 | |
| Melee Weapons | 1 | |
| Reinforced Defenses | 1 | |
| Pulverize | 1 | |
8 total
» buildings
| Altar of Storms | 1 | |
| Orc Burrow | 8 | |
| Barracks | 1 | |
| War Mill | 1 | |
| Watch Tower | 11 | |
| Voodoo Lounge | 1 | |
| Stronghold | 1 | |
| Great Hall | 2 | |
| Spirit Lodge | 2 | |
| Fortress | 1 | |
| Tauren Totem | 2 | |
31 total
» build order
00:10 Altar of Storms
00:14 Orc Burrow
00:56 Barracks
01:23 War Mill
01:41 Orc Burrow
02:44 Watch Tower
03:15 Voodoo Lounge
03:54 Orc Burrow
04:33 Stronghold
04:52 Watch Tower
06:18 Orc Burrow
06:34 Great Hall
06:43 Watch Tower
07:02 Spirit Lodge
07:14 Orc Burrow
08:07 Spirit Lodge
08:20 Fortress
08:30 Watch Tower
09:37 Watch Tower
10:45 Watch Tower
10:56 Tauren Totem
11:05 Tauren Totem
11:56 Watch Tower
12:59 Orc Burrow
13:48 Orc Burrow
21:55 Orc Burrow
23:06 Watch Tower
23:12 Watch Tower
32:30 Watch Tower
39:05 Watch Tower
39:43 Great Hall
» items
| Healing Salve | 4 | |
| Scroll of Town Portal | 4 | |
| Scroll of Regeneration | 1 | |
| Lesser Clarity Potion | 4 | |
| Potion of Mana | 5 | |
| Potion of Healing | 5 | |
| Scroll of Healing | 2 | |
| Potion of Lesser Invulnerability | 1 | |
26 total
boxymousey (
purple | 114 APM | 4536 actions | 39:45)
5 Paladin
3 Holy Light
1 Divine Shield
1 Devotion Aura
7 Archmage
3 Summon Water Elemental
3 Brilliance Aura
1 Mass Teleport
5 Mountain King
3 Storm Bolt
1 Thunder Clap
1 Bash
» actions
| Assign group hotkey | 226 | |
| Basic commands | 256 | |
| Build / train | 139 | |
| ESC pressed | 2 | |
| Enter build submenu | 49 | |
| Enter hero's abilities submenu | 17 | |
| Give item / drop item | 6 | |
| Right click | 1753 | |
| Select / deselect | 734 | |
| Select group hotkey | 1138 | |
| Use ability | 216 | |
4536 total
» units
| Peasant | 26 | |
| Rifleman | 15 | |
| Goblin Shredder | 1 | |
| Siege Engine | 15 | |
| Flying Machine | 3 | |
60 total
» upgrades
| Gunpowder | 3 | |
| Long Rifles | 1 | |
| Masonry | 2 | |
| Armor | 3 | |
| Lumber Harvesting | 2 | |
| Plating | 3 | |
| Barrage | 1 | |
| Swords | 1 | |
16 total
» buildings
| Lumber Mill | 1 | |
| Altar of Kings | 1 | |
| Farm | 10 | |
| Blacksmith | 1 | |
| Barracks | 1 | |
| Arcane Vault | 2 | |
| Keep | 1 | |
| Scout Tower | 22 | |
| Town Hall | 2 | |
| Guard Tower | 15 | |
| Arcane Tower | 2 | |
| Castle | 2 | |
| Workshop | 3 | |
| Cannon Tower | 2 | |
65 total
» build order
00:19 Lumber Mill
00:49 Altar of Kings
00:54 Farm
01:20 Blacksmith
01:36 Barracks
01:38 Farm
02:18 Farm
02:31 Arcane Vault
02:45 Farm
03:55 Keep
04:54 Farm
05:27 Farm
07:05 Scout Tower
07:22 Town Hall
07:40 Scout Tower
07:41 Guard Tower
07:55 Scout Tower
07:57 Scout Tower
07:59 Scout Tower
08:12 Guard Tower
08:17 Farm
08:36 Guard Tower
08:41 Guard Tower
08:53 Arcane Tower
09:23 Castle
10:16 Scout Tower
10:16 Scout Tower
10:17 Scout Tower
10:26 Farm
10:50 Guard Tower
10:52 Arcane Vault
10:57 Workshop
10:57 Workshop
11:00 Workshop
12:01 Scout Tower
12:09 Farm
12:31 Guard Tower
12:33 Cannon Tower
12:33 Cannon Tower
19:39 Scout Tower
21:57 Scout Tower
25:30 Farm
25:34 Scout Tower
25:35 Scout Tower
26:04 Guard Tower
26:08 Scout Tower
26:10 Guard Tower
26:41 Guard Tower
27:35 Town Hall
27:35 Scout Tower
27:36 Scout Tower
27:37 Scout Tower
27:38 Scout Tower
28:10 Guard Tower
28:19 Guard Tower
29:00 Scout Tower
30:26 Guard Tower
30:34 Scout Tower
30:35 Scout Tower
30:37 Scout Tower
31:11 Guard Tower
33:16 Arcane Tower
» items
| Potion of Healing | 7 | |
| Scroll of Regeneration | 3 | |
| Orb of Fire | 2 | |
| Scroll of Town Portal | 2 | |
| Orb of Lightning | 1 | |
15 total
teamcancer (
pink | 32 APM | 1254 actions | 39:46)
» actions
| Assign group hotkey | 2 | |
| Basic commands | 2 | |
| Build / train | 108 | |
| Enter build submenu | 100 | |
| Remove unit from queue | 1 | |
| Right click | 378 | |
| Select / deselect | 455 | |
| Use ability | 208 | |
1254 total
» units
| Peasant | 25 | |
| Goblin Zeppelin | 3 | |
| Goblin Shredder | 1 | |
29 total
» upgrades
| Masonry | 3 | |
| Lumber Harvesting | 2 | |
5 total
» buildings
| Lumber Mill | 1 | |
| Scout Tower | 124 | |
| Guard Tower | 71 | |
| Keep | 1 | |
| Altar of Kings | 1 | |
| Castle | 1 | |
| Town Hall | 5 | |
| Farm | 1 | |
| Arcane Vault | 2 | |
| Arcane Sanctum | 1 | |
208 total
» build order
01:10 Lumber Mill
01:28 Scout Tower
01:33 Scout Tower
01:41 Scout Tower
01:44 Scout Tower
02:12 Guard Tower
02:26 Guard Tower
02:27 Guard Tower
02:48 Guard Tower
02:53 Scout Tower
03:01 Scout Tower
03:07 Scout Tower
03:10 Scout Tower
03:22 Guard Tower
03:42 Guard Tower
03:42 Guard Tower
03:50 Guard Tower
03:56 Guard Tower
04:32 Keep
04:56 Scout Tower
04:59 Scout Tower
05:01 Scout Tower
05:04 Scout Tower
05:07 Scout Tower
05:09 Scout Tower
05:11 Scout Tower
05:12 Scout Tower
05:14 Scout Tower
05:15 Scout Tower
05:20 Scout Tower
05:22 Scout Tower
05:30 Guard Tower
06:12 Guard Tower
06:22 Guard Tower
06:48 Guard Tower
07:06 Altar of Kings
07:15 Guard Tower
07:40 Guard Tower
08:06 Guard Tower
08:22 Castle
08:58 Guard Tower
08:59 Guard Tower
10:29 Scout Tower
10:30 Scout Tower
10:36 Scout Tower
10:41 Scout Tower
10:41 Scout Tower
10:57 Guard Tower
11:02 Scout Tower
11:07 Scout Tower
11:08 Scout Tower
11:11 Guard Tower
11:29 Guard Tower
11:31 Guard Tower
11:33 Guard Tower
11:55 Scout Tower
11:57 Guard Tower
12:01 Scout Tower
12:02 Scout Tower
12:04 Guard Tower
12:26 Guard Tower
12:33 Scout Tower
12:36 Scout Tower
12:42 Guard Tower
13:04 Guard Tower
13:17 Scout Tower
13:19 Scout Tower
13:21 Scout Tower
13:51 Guard Tower
16:40 Scout Tower
16:41 Scout Tower
16:42 Scout Tower
16:47 Scout Tower
17:02 Scout Tower
17:03 Scout Tower
17:10 Guard Tower
17:13 Guard Tower
17:15 Guard Tower
17:35 Guard Tower
17:40 Guard Tower
18:04 Scout Tower
18:05 Scout Tower
18:41 Guard Tower
19:25 Scout Tower
19:27 Scout Tower
19:29 Scout Tower
19:38 Scout Tower
19:48 Scout Tower
19:49 Scout Tower
19:50 Scout Tower
19:50 Scout Tower
19:52 Scout Tower
19:53 Scout Tower
19:54 Scout Tower
19:55 Scout Tower
19:56 Scout Tower
19:57 Scout Tower
19:58 Scout Tower
19:59 Scout Tower
20:04 Guard Tower
20:06 Scout Tower
20:11 Scout Tower
20:21 Scout Tower
20:29 Guard Tower
20:32 Guard Tower
20:39 Guard Tower
21:36 Guard Tower
22:03 Town Hall
22:06 Scout Tower
22:07 Scout Tower
22:08 Scout Tower
22:09 Scout Tower
22:10 Scout Tower
22:11 Scout Tower
22:12 Scout Tower
24:35 Scout Tower
24:36 Scout Tower
24:36 Scout Tower
24:37 Scout Tower
24:39 Scout Tower
24:39 Scout Tower
24:41 Scout Tower
25:03 Guard Tower
25:04 Guard Tower
26:31 Guard Tower
26:34 Guard Tower
26:57 Scout Tower
26:58 Scout Tower
27:01 Scout Tower
27:30 Guard Tower
29:22 Farm
30:28 Scout Tower
30:28 Scout Tower
30:30 Scout Tower
30:33 Scout Tower
30:34 Scout Tower
30:35 Scout Tower
30:58 Guard Tower
31:08 Scout Tower
31:11 Scout Tower
31:12 Scout Tower
31:25 Guard Tower
31:26 Guard Tower
31:26 Guard Tower
31:30 Guard Tower
31:50 Guard Tower
31:50 Guard Tower
31:50 Guard Tower
31:56 Guard Tower
32:37 Town Hall
32:42 Scout Tower
32:56 Scout Tower
33:03 Scout Tower
33:07 Scout Tower
34:43 Town Hall
34:44 Scout Tower
34:45 Scout Tower
34:47 Scout Tower
34:48 Scout Tower
34:49 Scout Tower
34:51 Scout Tower
34:52 Scout Tower
34:53 Scout Tower
34:55 Scout Tower
34:59 Arcane Vault
35:04 Town Hall
35:08 Scout Tower
35:09 Scout Tower
35:10 Scout Tower
35:11 Scout Tower
35:14 Scout Tower
35:15 Scout Tower
35:16 Scout Tower
35:18 Scout Tower
35:20 Scout Tower
35:21 Scout Tower
37:27 Scout Tower
37:28 Scout Tower
37:29 Scout Tower
37:30 Scout Tower
37:37 Scout Tower
37:39 Scout Tower
37:47 Scout Tower
37:48 Scout Tower
37:58 Guard Tower
37:59 Guard Tower
38:02 Guard Tower
38:02 Guard Tower
38:10 Scout Tower
38:14 Scout Tower
38:15 Scout Tower
38:16 Scout Tower
38:24 Guard Tower
38:24 Guard Tower
38:26 Guard Tower
38:26 Guard Tower
38:32 Guard Tower
38:39 Town Hall
38:53 Guard Tower
38:54 Guard Tower
38:59 Guard Tower
39:32 Arcane Sanctum
39:37 Arcane Vault
Chat log
(00:14 / All) Nathan: gl hf
(00:57 / Allies) Nathan: who take his mine
(01:40 / Allies) Nathan: units?
(01:50 / Allies) boxymousey: rifle
(01:56 / Allies) Bobettes_Sales: look at pink
(01:58 / Allies) Nathan: potm
(05:22 / All) boxymousey: ....
(06:02 / Allies) teamcancer: You can take my gold mine and land from my cold dead hands
(07:24 / All) teamcancer: YOU CAN TAKE MY GOLD MINE AND LANDS
(07:30 / All) teamcancer: FROM THE CLUTCHES OF MY COLD DEAD HANDS!
(09:05 / Allies) Bobettes_Sales: necs
(10:13 / Allies) Bobettes_Sales: get faeries
(10:22 / Allies) Bobettes_Sales: to kill necs
(10:33 / Allies) Nathan: ok
(10:40 / Allies) Bobettes_Sales: know what i mean?
(10:46 / Allies) Nathan: mana flare
(11:15 / Allies) Nathan: nj pink
(11:26 / Allies) teamcancer: thx!!!
(11:38 / Allies) Bobettes_Sales: dafuq is that
(11:39 / Allies) Bobettes_Sales: lolll
(14:25 / Allies) Bobettes_Sales: what now
(14:31 / Allies) Nathan: c pas men
(15:00 / Allies) Bobettes_Sales: tp?&
(15:14 / Allies) Bobettes_Sales: tp man
(15:20 / Allies) Bobettes_Sales: go
(15:21 / Allies) Nathan: go
(17:07 / Allies) teamcancer: lumber
(17:20 / Allies) Bobettes_Sales: tp
(20:57 / Allies) Nathan: b purp
(20:58 / Allies) teamcancer: I shoulda been an orc!
(21:13 / Allies) Nathan: keep on pink
(21:42 / Allies) Nathan: ty orange
(22:42 / Allies) Bobettes_Sales: c fini
(22:47 / Allies) Nathan: non reste
(23:33 / Allies) Nathan: ty pink
(24:49 / Allies) Nathan: keep on
(25:20 / Allies) Nathan: ok
(26:39 / Allies) Bobettes_Sales: amene
(26:44 / Allies) Bobettes_Sales: keep sending orange
(26:57 / Allies) Nathan: ok boss
(27:22 / Allies) Nathan: nj pink seriosly
(27:44 / Allies) Nathan: nj all
(27:51 / Allies) teamcancer: I call it the Charleton Heston strategy
(28:01 / Allies) Nathan: thanks for staying... yellow
(28:03 / Allies) Nathan: epic
(28:08 / Allies) Nathan: epic en criss
(28:08 / Allies) boxymousey: :O
(28:51 / Allies) Nathan: heal
(28:54 / Allies) Nathan: ty
(29:30 / Allies) Nathan: charleston heston strat.... lol
(29:47 / Allies) Bobettes_Sales: orange
(29:49 / Allies) Bobettes_Sales: reste ak moi
(29:55 / Allies) Nathan: ok
(29:57 / Allies) Nathan: dsl
(31:53 / Allies) Bobettes_Sales: leur criss de dk
(32:02 / Allies) Nathan: ouin
(32:25 / All) teamcancer: GET YOUR HANDS OFF ME YOU DAMN DIRTY SHAMBLING CORPSES
(33:11 / Allies) Bobettes_Sales: take the mine pink
(33:19 / Allies) teamcancer: Planning on it
(33:34 / All) teamcancer: CHEEZIT
(33:37 / All) teamcancer: IT'S THE FUZZ
(33:53 / Allies) Bobettes_Sales: meet
(34:20 / Allies) Bobettes_Sales: b
(34:21 / Allies) Bobettes_Sales: b
(34:24 / Allies) Bobettes_Sales: b
(34:25 / Allies) Bobettes_Sales: b
(35:14 / Allies) Nathan: yeah
(35:26 / Allies) teamcancer: golds
(36:23 / Allies) boxymousey: ok
(36:35 / Allies) Bobettes_Sales: killl
(36:38 / All) teamcancer: smart move
(36:42 / Allies) Nathan: lol
(37:30 / All) 3edc4rfv: GG!
(37:32 / All) Nathan: gg
(37:33 / All) Bobettes_Sales: gee
(37:34 / All) Bobettes_Sales: lol pink
(37:36 / All) 3edc4rfv: green huge newbie
(37:39 / All) 3edc4rfv: i fucked around :D
(37:42 / All) Bobettes_Sales: lol we had pink brah
(37:53 / All) Nathan: epic pink
(38:01 / All) 3edc4rfv: yeah pretty epic
(38:07 / Allies) boxymousey: run
(38:27 / All) boxymousey: 2 necropolis?
(39:26 / All) 3edc4rfv: U MINEOJ
(39:34 / All) 3edc4rfv: AW U PURP
(39:35 / All) boxymousey: lol
(39:36 / All) Nathan: yeah!
(39:37 / All) 3edc4rfv: :D
(39:39 / All) 3edc4rfv: Gg
(39:39 / All) boxymousey: close!